 Dungeon Crawl Stone Soup version bcrawl-1.23.1 (webtiles) character file.

Game seed: 12777681713912694676

371 diana the Slasher (level 6, 39/49 HPs)
             Began as a Demonspawn Gladiator on May 27, 2020.
             Quit the game on level 3 of the Dungeon.
             The game lasted 00:06:18 (4186 turns).

diana the Slasher (Demonspawn Gladiator)            Turns: 4186, Time: 00:06:19

Health: 39/49      AC:  4    Str: 16      XL:     6   Next: 42%
Magic:  5/5        EV: 11    Int:  6 (9)  God:
Gold:   131        SH:  6    Dex: 13 (15) Spells: 5/5 levels left

rFire    + . .     SeeInvis +   a - +0 long sword
rCold    . . .     Gourm    .   j - +0 buckler
rNeg     . . .     Faith    .   b - +0 leather armour
rPois    .         Spirit   .   (helmet restricted)
rElec    .         Reflect  .   (no cloak)
rCorr    .         Harm     .   i - +0 pair of gloves
MR       .....                  (no boots)
Stlth    ..........             (no amulet)
HPRegen  0.16/turn              o - ring of attention (curse)
MPRegen  0.09/turn              (no ring)

@: no status effects
A: antennae 1, hooves 2, see invisible, fire resistance 1, low mp 1, evolution 1
a: no special abilities


You were on level 3 of the Dungeon.
You were not hungry.

You visited 1 branch of the dungeon, and saw 3 of its levels.

You collected 131 gold pieces.

Inventory:

Hand Weapons
 a - a +0 long sword (weapon)
Missiles
 d - 2 throwing nets (quivered) {!f}
Armour
 b - a +0 leather armour (worn)
 c - a +0 helmet
 i - a +0 pair of gloves (worn)
 j - a +0 buckler (worn)
Jewellery
 o - a cursed ring of attention (left hand)
 p - an uncursed amulet of regeneration {unknown}
 s - an uncursed ring of poison resistance {unknown}
Wands
 u - a wand of clouds (8)
Scrolls
 f - a scroll of enchant weapon {unknown}
 g - 2 scrolls of teleportation {unknown}
 h - 2 scrolls of identify {unknown}
 m - 2 scrolls of remove curse {unknown}
 q - a scroll of blinking {unknown}
Potions
 l - a potion of degeneration
 n - a potion of lignification
 r - a potion of haste
Comestibles
 e - 5 rations {!d}


   Skills:
 + Level 4.3 Fighting
 + Level 4.4 Long Blades
 - Level 1.7 Throwing
 - Level 2.6 Dodging
 + Level 3.0 Shields


You had 5 spell levels left.
You didn't know any spells.
Your spell library was empty.

Dungeon Overview and Level Annotations

Branches:
Dungeon (3/12)

Altars:
Kikubaaqudgha
Trog
Uskayaw
Yredelemnul


Innate Abilities, Weirdness & Mutations

You have a pair of small antennae on your head.
You have hoof-like feet.
Your flesh is heat resistant. (rF+)
You have supernaturally acute eyesight. (SInv)
Your magical capacity is low. (-10% MP)
You evolve.


Message History

You can move again.
No path to travel!
You hit Grinder but do no damage.
Grinder is almost dead.
Grinder blinks!
Grinder is too close now for your liking.
You closely miss Grinder. You kick Grinder!
You kill Grinder!
You feel your strength returning.
Your Fighting skill increases to level 4!
Your Long Blades skill increases to level 4!
Your Shields skill increases to level 3!
You have reached level 6!
Your experience leads to an increase in your attributes!
Your base attributes are Str 15, Int 9, Dex 15.
Increase (S)trength, (I)ntelligence, or (D)exterity?
You feel stronger.
Your demonic ancestry asserts itself...
A pair of antennae grows on your head!
Your +0 helmet falls away!
Are you sure you want to abandon this character and quit the game? (Confirm with "yes".)

#.#.# #######.#.### ............#
##### ............## ....#
.............# ####### ....#
.......<.....# #...... ....#
#######'####.####.#####
....#######..........#...........
.........##.#.##@#.#.............
.#####.#.##.#......P..#####.#...#
.#.....#.##.#..P.PPP..# #.#.#.#
.#.....#.##.P......#..# #.#.#.#
...#...#.##.#......#..#####.#.#.#
....<..#.##.#......#..##.........
....#....##.#....P.#..##.........
..........#.P#...P.#..##.........
.########.............##.........


There were no monsters in sight!

Vanquished Creatures
  Grinder (D:3)
  An orc wizard (D:3)
  3 gnolls
  4 adders
  An ooze (D:2)
  2 worms
  3 dart slugs
  4 leopard geckos
  2 ball pythons (D:3)
  3 giant cockroaches (D:2)
  2 goblins
  11 hobgoblins
  A quokka (D:3)
  5 bats
  4 frilled lizards
  A jackal zombie (D:3)
  11 kobolds
  11 rats
  A plant (D:3)
71 creatures vanquished.

Vanquished Creatures (others)
  A plant (D:3)
1 creature vanquished.

Grand Total: 72 creatures vanquished

Notes
Turn   | Place    | Note
-------+----------+-------------------------------------------
     0 | D:1      | diana the Demonspawn Gladiator began the quest for the Orb.
     0 | D:1      | Reached XP level 1. HP: 16/16 MP: 1/1
   208 | D:1      | Gained mutation: Your flesh is heat resistant. (rF+)
                  | [demonic ancestry]
   208 | D:1      | Reached XP level 2. HP: 15/23 MP: 2/2
   936 | D:1      | Gained mutation: You have large cloven feet. [demonic
                  | ancestry]
   936 | D:1      | Reached XP level 3. HP: 16/28 MP: 3/3
  1370 | D:2      | Reached skill level 1 in Shields
  1751 | D:1      | Gained mutation: You have hoof-like feet. [demonic
                  | ancestry]
  1751 | D:1      | Reached XP level 4. HP: 22/35 MP: 4/4
  2634 | D:2      | Noticed a moth of wrath
  2637 | D:2      | Found a bloodstained altar of Trog.
  2819 | D:3      | Noticed Grinder
  3172 | D:3      | Reached XP level 5. HP: 24/41 MP: 5/5
  3718 | D:3      | Found an ancient bone altar of Kikubaaqudgha.
  3719 | D:3      | Found a basalt altar of Yredelemnul.
  3720 | D:3      | Found a hide-covered altar of Uskayaw.
  3828 | D:3      | Paralysed by Grinder for 3 turns
  3832 | D:3      | HP: 2/63 [Grinder (6)]
  3833 | D:3      | Gained mutation: You have supernaturally acute eyesight.
                  | (SInv) [potion of mutation]
  3833 | D:3      | Gained mutation: Your magical capacity is low. (-10% MP)
                  | [potion of mutation]
  3833 | D:3      | Gained mutation: You evolve. [potion of mutation]
  4178 | D:3      | Paralysed by Grinder for 3 turns
  4185 | D:3      | Killed Grinder
  4185 | D:3      | Gained mutation: You have a pair of small antennae on your
                  | head. [demonic ancestry]
  4185 | D:3      | Reached XP level 6. HP: 39/49 MP: 5/5
  4186 | D:3      | Quit the game

Skill      XL: |  1  2  3  4  5 |
---------------+----------------+-----
Long Blades    | 3 4 |  4.4
Shields        | 1 2 3 |  3.0
Fighting       | 3 4 |  4.3
Throwing       | |  1.7
Dodging        | |  2.6

Action                   |  1- 3 |  4- 6 || total
-------------------------+-------+-------++-------
Melee: Long sword        |   137 |   135 ||   272
       Kick              |    12 |    35 ||    47
Throw: Throwing net      |       |     3 ||     3
  Use: Potion            |       |     4 ||     4
 Stab: Held in net/web   |       |     1 ||     1
  Eat: Chunk             |     3 |     5 ||     8
       Ration            |       |     1 ||     1
Armor: Leather armour    |    38 |    29 ||    67
       Skin              |       |     3 ||     3
Dodge: Dodged            |    86 |    40 ||   126
Block: Other             |     1 |       ||     1
       Buckler           |    18 |    32 ||    50
